 Dungeon Crawl Stone Soup version 0.20.0-8-g6b59dc7 (webtiles) character file.

463 MTVSty1e the Chopper (level 6, 0/57 HPs)
             Began as a Minotaur Fighter on June 2, 2017.
             Slain by an ogre
             ... wielding a +0 giant club
              (1 damage)
             ... on level 3 of the Dungeon.
             The game lasted 00:03:40 (2176 turns).

MTVSty1e the Chopper (Minotaur Fighter)             Turns: 2176, Time: 00:03:43

Health: 0/57       AC:  8    Str: 27    XL:     6   Next: 79%
Magic:  5/5        EV: 12    Int:  5    God:
Gold:   146        SH: 10    Dex: 10    Spells: 5/5 levels left

rFire    . . .     SeeInvis .   a - +0 war axe
rCold    . . .     Gourm    .   c - +0 shield
rNeg     . . .     Faith    .   b - +0 scale mail
rPois    .         Spirit   .   (helmet restricted)
rElec    .         Reflect  .   (no cloak)
rCorr    .         Harm     .   r - +0 pair of gloves
MR       .....                  (no boots)
Stlth    ..........             (no amulet)
Regen    0.2/turn               i - +5 ring of evasion
MPRegen  0.1/turn               (no ring)

@: mighty
A: retaliatory headbutt, horns 2
a: no special abilities


You were on level 3 of the Dungeon.
You were not hungry.

You visited 1 branch of the dungeon, and saw 3 of its levels.

You collected 146 gold pieces.

Inventory:

Hand Weapons
 a - a +0 war axe (weapon)
Armour
 b - a +0 scale mail (worn)
 c - a +0 shield (worn)
 r - a +0 pair of gloves (worn)
Jewellery
 i - a +5 ring of evasion (left hand)
Scrolls
 j - 2 scrolls of blinking {unknown}
 m - 4 scrolls of identify {unknown}
 o - 2 scrolls of enchant armour {unknown}
 p - 3 scrolls of recharging {unknown}
 q - a scroll of immolation {unknown}
Potions
 e - a potion of brilliance {unknown}
 k - a potion of agility {unknown}
 n - a potion of invisibility {unknown}
 s - a potion of curing {unknown}
Comestibles
 f - 4 bread rations
 h - 3 meat rations
 l - 2 royal jellies


   Skills:
 + Level 6.3 Fighting
 * Level 7.2 Axes
 - Level 3.6 Armour
 - Level 3.6 Shields


You had 5 spell levels left.
You didn't know any spells.

Dungeon Overview and Level Annotations

Branches:
Dungeon (3/15)

Altars:
Hepliaklqana
Yredelemnul


Innate Abilities, Weirdness & Mutations

You reflexively headbutt those who attack you in melee.
You have a pair of horns on your head.


Message History

The gnoll hits you from afar with a halberd!
You feel very mighty all of a sudden. The ogre hits you with a giant club!
* * * LOW HITPOINT WARNING * * *
The gnoll barely misses you.
You are too injured to fight recklessly!
You slash the ogre! You headbutt the ogre!
The ogre is severely wounded.
You hit the gnoll. The gnoll closely misses you. The gnoll hits you.
* * * LOW HITPOINT WARNING * * *
You block the ogre's attack.
The gnoll hits you from afar with a halberd!
* * * LOW HITPOINT WARNING * * *
As you read the scroll labeled XAUWNE UCIRUEMI, it crumbles to dust.
You hear a loud clanging noise!
It was a scroll of noise.
You hear a shout! x2; You hear a bark!
You hear a shout!
You hear a bark! x2
You hear a shout!
The gnoll closely misses you. The ogre hits you with a giant club.
You die...

h≈≈≈≈≈≈≈≈≈≈≈≈≈#####≈≈..
..............#.gg#≈≈..
###############...#≈≈.. # ...
....#'###≈≈.. ..
########....#.#.≈≈≈..
..(#......... #.#.≈≈≈..
≈≈..gg.....# #.≈≈≈.. ≈≈....O....#
#.≈≈≈.. #ggg@..)# #.≈≈≈..
+##################)# #.≈≈≈..
......)'..))g....).)# #.≈≈≈..
.....).#..))#.).....# #.≈≈≈..
.......#....#.......# #+###≈≈..
########''''#############...#≈≈P.
........................#.gg#≈≈..
≈≈≈≈≈≈≈≈....≈≈≈≈≈≈≈≈≈≈≈≈#####≈≈..
≈≈≈≈≈≈≈≈....≈≈≈≈≈≈≈≈≈≈≈≈≈≈≈≈≈≈≈..


You could see an ogre and 5 gnolls.

Vanquished Creatures
  3 orc wizards (D:3)
  A gnoll shaman (D:3)
  An orc priest (D:3)
  Jessica (D:2)
  19 gnolls (D:3)
  2 adders (D:2)
  A worm (D:2)
  A leopard gecko (D:1)
  13 orcs (D:3)
  3 giant cockroaches
  11 goblins
  9 hobgoblins
  8 jackals (D:3)
  2 ball pythons
  9 bats
  A frilled lizard (D:2)
  5 kobolds
  6 rats
96 creatures vanquished.

Notes
Turn   | Place    | Note
-------+----------+-------------------------------------------
     0 | D:1      | MTVSty1e the Minotaur Fighter began the quest for the Orb.
     0 | D:1      | Reached XP level 1. HP: 19/19 MP: 0/0
    99 | D:1      | Reached XP level 2. HP: 24/27 MP: 1/1
   102 | D:1      | Reached skill level 3 in Axes
   515 | D:2      | Noticed Jessica
   523 | D:2      | Killed Jessica
   523 | D:2      | Reached skill level 4 in Axes
   523 | D:2      | Reached XP level 3. HP: 33/34 MP: 2/2
   782 | D:2      | Reached XP level 4. HP: 41/41 MP: 3/3
  1397 | D:3      | Reached skill level 5 in Fighting
  1397 | D:3      | Reached skill level 5 in Axes
  1434 | D:3      | Reached XP level 5. HP: 43/48 MP: 4/4
  1466 | D:3      | Found a hazy altar of Hepliaklqana.
  1495 | D:3      | Found a basalt altar of Yredelemnul.
  1947 | D:3      | Reached skill level 6 in Axes
  1955 | D:3      | Reached XP level 6. HP: 37/57 MP: 5/5
  2152 | D:3      | Reached skill level 7 in Axes
  2175 | D:3      | HP: 1/57 [gnoll/halberd (7)]
  2176 | D:3      | Slain by an ogre

Skill      XL: |  1  2  3  4  5  6 |
---------------+-------------------+-----
Fighting       | 4 5 6 |  6.3
Axes           | 4 5 6 7 |  7.2
Armour         | |  3.6
Shields        | |  3.6

Action                   |  1- 3 |  4- 6 || total
-------------------------+-------+-------++-------
Melee: War axe           |    54 |   176 ||   230
       Headbutt          |     9 |    21 ||    30
  Use: Scroll            |       |     3 ||     3
       Potion            |       |     1 ||     1
  Eat: Bread ration      |       |     1 ||     1
Armor: Scale mail        |    28 |    57 ||    85
Dodge: Dodged            |    20 |    82 ||   102
Block: Shield            |    33 |   103 ||   136
